 Dungeon Crawl Stone Soup version 0.26.1-2-gb8aa6d0cf2 (webtiles) character file.

Game seed: 13609061311278590844

39 Allula97 the Skirmisher (level 3, 0/29 HPs)
             Began as a Demonspawn Fighter on Mar 4, 2021.
             Slain by a gnoll
             ... wielding a +0 club
              (5 damage)
             ... on level 3 of the Dungeon.
             The game lasted 00:01:24 (608 turns).

Allula97 the Skirmisher (Demonspawn Fighter)         Turns: 608, Time: 00:01:25

Health: 0/29       AC: 13    Str: 17    XL:     3   Next: 26%
Magic:  3/3        EV:  7    Int:  9    God:
Gold:   18         SH:  9    Dex: 12    Spells: 2/2 levels left

rFire    . . .     SeeInvis .   a - +0 long sword
rCold    . . .     Faith    .   c - +0 kite shield
rNeg     . . .     Spirit   .   b - +0 scale mail
rPois    .         Reflect  .   (no helmet)
rElec    .         Harm     .   m - +0 cloak
rCorr    .         Rampage  .   (no gloves)
Will     .....                  j - +0 pair of boots
Stlth    ..........             (no amulet)
HPRegen  0.09/turn              i - +4 ring of protection
MPRegen  0.08/turn              (no ring)

@: no status effects
A: hooves 1, demonic guardian 1
a: no special abilities


You were on level 3 of the Dungeon.
You visited 1 branch of the dungeon, and saw 3 of its levels.

You collected 18 gold pieces.

Inventory:

Hand Weapons
 a - a +0 long sword (weapon)
Missiles
 f - 4 silver javelins (quivered)
Armour
 b - a +0 scale mail (worn)
 c - a +0 kite shield (worn)
 j - a +0 pair of boots (worn)
 m - a +0 cloak (worn)
Jewellery
 i - a +4 ring of protection (left hand)
Scrolls
 e - a scroll of enchant armour {unknown}
 g - a scroll of magic mapping {unknown}
 n - a scroll of fear {unknown}
Potions
 d - a potion of might
 h - a potion of haste {unknown}
 k - a potion of mutation {unknown}
 l - a potion of curing {unknown}


   Skills:
 * Level 3.3 Fighting
 * Level 2.1 Long Blades
 * Level 3.0 Armour
 * Level 0.5 Dodging
 * Level 3.1 Shields


You had 2 spell levels left.
You didn't know any spells.
Your spell library was empty.

Dungeon Overview and Level Annotations

Branches:
Dungeon (3/15)

Altars:


Innate Abilities, Weirdness & Mutations

You have large cloven feet.
A weak demonic guardian rushes to your aid.


Message History

You block the gnoll's attack. The gnoll closely misses you.
You closely miss the gnoll.
The gnoll is severely wounded.
The gnoll closely misses you. You block the gnoll's attack.
The gnoll barely misses you.
Your scale mail prevents you from hitting the gnoll.
The gnoll is severely wounded.
You block the gnoll's attack. The gnoll barely misses you.
You block the gnoll's attack.
The gnoll hits you from afar with a +0 spear.
You barely miss the gnoll.
The gnoll is severely wounded.
You block the gnoll's attack. The gnoll hits you but does no damage.
The gnoll barely misses you.
You barely miss the gnoll.
The gnoll is severely wounded.
The gnoll hits you from afar with a +0 halberd!
* * * LOW HITPOINT WARNING * * *
The gnoll hits you with a +0 club.
You die...

#
######################
#.....................
##..##################
##..5# ###@# #g.gg..#
.##g..... #. ...... ..
..... ### ...## ....
###.


You could see 4 gnolls and a friendly quasit (summoned).

Vanquished Creatures
  An orc wizard (D:3)
  A leopard gecko (D:1)
  2 orcs (D:3)
  A giant cockroach (D:1)
  A goblin (D:1)
  A kobold (D:1)
  A frilled lizard (D:1)
8 creatures vanquished.

Notes
Turn   | Place    | Note
-------+----------+-------------------------------------------
     0 | D:1      | Allula97 the Demonspawn Fighter began the quest for the
                  | Orb.
     0 | D:1      | Reached XP level 1. HP: 18/18 MP: 1/1
   539 | D:2      | You fall into a shaft and drop 1 floor!
   550 | D:3      | Noticed an orc wizard
   555 | D:3      | Gained mutation: A weak demonic guardian rushes to your
                  | aid. [demonic ancestry]
   555 | D:3      | Reached XP level 2. HP: 24/24 MP: 2/2
   578 | D:3      | Gained mutation: You have large cloven feet. [demonic
                  | ancestry]
   578 | D:3      | Reached XP level 3. HP: 29/29 MP: 3/3
   608 | D:3      | Slain by a gnoll

Illustrated notes

Levels and vault maps discovered:
D:1:      dpeg_arrival_three_same_balls, layout_basic
D:2:      layout_basic, nzn_hepliaklqana_mist_gate
D:3:      layout_rooms

Skill      XL: |  1  2 |
---------------+-------+-----
Long Blades    | 2 |  2.1
Armour         | 3 |  3.0
Shields        | 3 |  3.1
Fighting       | |  3.3
Dodging        | |  0.5

Action                   || total
-------------------------++-------
Melee: Long sword        ||    47
Armor: Scale mail        ||    20
Dodge: Dodged            ||    21
Block: Kite shield       ||    26
       Rpst.: Long sword ||     4
